AoeStats
← Bugsibär

Arabia

509108446Analyzed
1v1 RM · 8d ago on Sep 25, 2026· 12m 15s· 2 players
Game mode
Random Map
Map size
Tiny (2 player)
Population
200
Speed
Normal
Resources
Standard
Victory
Conquest
Starting age
Dark Age
Ending age
Imperial Age
RankedLock teamsTeams togetherTeam positionsShared explorationLock speedFull tech treeHidden civsTurbo modeCheats
Victory
Defeat
🇲🇽 Armenians · Mexico
1789
+15
🇩🇪 Malay · Germany
1778
-15
Bugsibär
8:21 Loom
10:23 Feudal Age
11:03 Double-Bit Axe
Ux'Toallin
8:02 Loom
10:16 Feudal Age
10:20 Man-at-Arms
10:45 Double-Bit Axe
11:58 Fletching
Connection lost

Rejoining the realm…

Still unreachable

The connection could not be restored.

Session expired

The server has moved on; the page needs a fresh start.